 Dungeon Crawl Stone Soup version 0.28-a0-653-g7e9dba17c3 (webtiles) character file.

Game seed: 1519825264332031018

575 Demosthentine the Poker (level 7, -11/55 HPs)
             Began as a Merfolk Gladiator on Oct 11, 2021.
             Was an Initiate of the Shining One.
             Mangled by a troll (12 damage)
             ... on level 6 of the Dungeon.
             The game lasted 00:03:52 (3255 turns).

Demosthentine the Poker (Merfolk Gladiator)         Turns: 3255, Time: 00:03:53

Health: -11/55     AC:  4    Str: 16    XL:     7   Next: 35%
Magic:  7/7        EV: 15    Int:  7    God:    the Shining One [......]
Gold:   113        SH:  0    Dex: 16    Spells: 6/6 levels left

rFire   . . .      SeeInvis .   a - +1 trident (vorpal)
rCold   . . .      Faith    .   (no shield)
rNeg    . . .      Spirit   .   b - +0 leather armour
rPois   .          Reflect  .   c - +0 helmet
rElec   .          Harm     .   (no cloak)
rCorr   .          Rampage  .   (no gloves)
Will    .....                   (no boots)
Stlth   +.........              (no amulet)
HPRegen 0.18/turn               (no ring)
MPRegen 0.10/turn               (no ring)

@: glowing, studying Long Blades
A: (nimble swimmer 2), mertail
a: Renounce Religion


You were on level 6 of the Dungeon.
You worshipped the Shining One.
The Shining One was noncommittal.
You visited 1 branch of the dungeon, and saw 6 of its levels.

You collected 146 gold pieces.
You spent 33 gold pieces at shops.

Inventory:

Hand Weapons
 a - a +1 vorpal trident (weapon)
Armour
 b - a +0 leather armour (worn)
 c - a +0 helmet (worn)
Jewellery
 h - a ring of magical power
Scrolls
 i - a scroll of fear {unknown}
 k - 2 scrolls of identify
Potions
 g - a potion of mutation
 j - a potion of invisibility {unknown}


   Skills:
 + Level 4.6 Fighting
 + Level 7.0 Polearms
 - Level 2.0 Throwing
 + Level 2.6 Armour
 + Level 6.4 Dodging


You had 6 spell levels left.
You didn't know any spells.
Your spell library contained the following spells:

 Spells                   Type           Power      Damage    Failure   Level
 Animate Skeleton         Necr           0%         N/A       50%         1
 Apportation              Tloc           0%         N/A       50%         1
 Sandblast                Erth           0%         2d4       50%         1
 Summon Small Mammal      Summ           0%         N/A       50%         1
 Passwall                 Tmut/Erth      0%         N/A       63%         2
 Gell's Gravitas          Tloc           0%         N/A       86%         3
 Lesser Beckoning         Tloc           0%         N/A       86%         3
 Stone Arrow              Conj/Erth      0%         3d7       86%         3
 Teleport Other           Tloc           0%         N/A       86%         3


Dungeon Overview and Level Annotations

Branches:
Dungeon (7/15)
 Temple: D:4-7

Altars:
Makhleb
Ru
The Shining One

Shops:
D:2 *


Innate Abilities, Weirdness & Mutations

((You are quick and stealthy near water. (Stealth+, EV+, Speed+++)))
Your lower body shifts to a powerful aquatic tail in water.


Message History

You closely miss the troll.
The troll is lightly wounded.
The troll completely misses you. The troll closely misses you.
The troll claws you.
You hit the troll.
The troll is lightly wounded.
You barely miss the troll.
The troll is lightly wounded.
The troll bites you! The troll claws you. The troll closely misses you.
You hit the troll.
The troll is moderately wounded.
The troll bites you. The troll completely misses you. x2
You hit the troll.
The troll is moderately wounded.
The troll closely misses you. The troll claws you! x2
* * * LOW HITPOINT WARNING * * *
You are too injured to fight recklessly!
You are too injured to fight recklessly!
You feel better. The troll bites you!
* * * LOW HITPOINT WARNING * * *
The troll closely misses you. The troll misses you.
You feel much better. The troll closely misses you. The troll claws you!
The troll closely misses you.
You barely miss the troll.
The troll is moderately wounded.
The troll bites you.
* * * LOW HITPOINT WARNING * * *
The troll claws you.
* * * LOW HITPOINT WARNING * * *
The troll closely misses you.
You puncture the troll!
The troll is heavily wounded.
The troll completely misses you. The troll closely misses you.
The troll claws you!
* * * LOW HITPOINT WARNING * * *
Unknown command.
You hit the troll but do no damage.
The troll is heavily wounded.
The troll bites you!
You die...

#.. #.# #.# #.# #.#
########.#
#........#########
##...###.......$...
##..#..#..#@.#######
##...##...##T..#
#....###.###....#
#.###)##.# .###.#
#..###.#.#.# .#
##..####.####...#
##.....8.......#
##..####)####..
#..## #.#


You could see a troll.

Vanquished Creatures
  A black bear (D:2)
  An ogre (D:6)
  2 centaurs (D:6)
  A hound (D:7)
  A jelly (D:7)
  A bullfrog skeleton (D:6)
  3 adders
  2 howler monkey skeletons
  A white imp (D:7)
  An adder skeleton (D:4)
  3 worms
  A dart slug (D:2)
  7 orcs
  7 endoplasms
  5 giant cockroaches
  12 goblins
  6 hobgoblins
  7 jackals
  6 kobolds
  4 quokkas
  10 ball pythons
  3 bats
  4 frilled lizards
  6 rats
95 creatures vanquished.

Vanquished Creatures (others)
  A plant (D:4)
1 creature vanquished.

Grand Total: 96 creatures vanquished

Notes
Turn   | Place    | Note
-------+----------+-------------------------------------------
     0 | D:1      | Demosthentine the Merfolk Gladiator began the quest for the
                  | Orb.
     0 | D:1      | Reached XP level 1. HP: 16/16 MP: 1/1
    44 | D:1      | Reached XP level 2. HP: 9/23 MP: 2/2
   526 | D:1      | Reached XP level 3. HP: 25/28 MP: 3/3
   829 | D:1      | Reached skill level 5 in Polearms
   961 | D:1      | Found a faded altar of an unknown god.
   994 | D:2      | Found Ixzi's General Store.
  1087 | D:2      | Reached skill level 1 in Armour
  1213 | D:2      | Reached XP level 4. HP: 27/34 MP: 4/4
  1491 | D:2      | Noticed a black bear
  1538 | D:2      | Killed a black bear
  1539 | D:2      | Reached skill level 5 in Dodging
  1539 | D:2      | Reached XP level 5. HP: 18/41 MP: 5/5
  2124 | D:2      | Bought a potion of curing for 33 gold pieces
  2441 | D:3      | Found a sacrificial altar of Ru.
  2618 | D:4      | Found a glowing golden altar of the Shining One.
  2766 | D:4      | Became a worshipper of the Shining One
  2867 | D:4      | Reached skill level 6 in Polearms
  2877 | D:4      | Reached XP level 6. HP: 48/48 MP: 6/6
  2916 | D:4      | You fall into a shaft and drop 3 floors!
  2982 | D:7      | Found a burning altar of Makhleb.
  3085 | D:6      | Reached XP level 7. HP: 43/55 MP: 7/7
  3196 | D:6      | Reached skill level 7 in Polearms
  3241 | D:6      | Noticed a troll
  3254 | D:6      | HP: 1/55 [troll (11)]
  3255 | D:6      | Mangled by a troll

Illustrated notes

Levels and vault maps discovered:
D:1:      psy_arrival_dodecagon, layout_basic,
          shapermc_ecumenical_altar_mp_highgroup, lemuel_another_geyser
D:2:      layout_rooms, serial_shops, shop, minmay_cut_off
D:3:      layout_rooms, nicolae_ru_the_path_less_chosen
D:4:      layout_rooms, nicolae_tso_carved_into_rock, lemuel_blue_sif_altar,
          serial_bayou, serial_bayou_shore_a, serial_bayou_pond_b,
          serial_bayou_ford_a, serial_bayou_pond_b
D:6:      layout_loops_ring, mainiacjoe_overflow_alcove_2,
          mainiacjoe_overflow_alcove_1, nicolae_ashenzari_skybound,
          minmay_temple_entry_statues_fountains, kb_rosetta
D:7:      layout_rooms, makhleb_blood_cavern_becter, hellmonk_bongcloud_opening,
          nicolae_shop_gadgets

Skill      XL: |  1  2  3  4  5  6  7 |
---------------+----------------------+-----
Polearms       | 5 6 7 |  7.0
Armour         | 1 2 |  2.6
Fighting       | 3 4 |  4.6
Dodging        | 5 6 |  6.4
Throwing       | |  2.0

Action                   |  1- 3 |  4- 6 |  7- 9 || total
-------------------------+-------+-------+-------++-------
Melee: Trident           |   158 |   146 |    20 ||   324
       Tailslap          |       |     1 |       ||     1
Throw: Throwing net      |       |     5 |       ||     5
  Use: Scroll            |     2 |     5 |       ||     7
       Potion            |       |     1 |     2 ||     3
 Stab: Sleeping          |     2 |     5 |       ||     7
Armor: Leather armour    |    40 |    21 |     1 ||    62
Dodge: Dodged            |   107 |    74 |    32 ||   213

Table legend: (Time is in decaauts)
 A = Elapsed time spent in this place.
 B = Non-inter-level travel time spent in this place.
 C = Inter-level travel time spent in this place.
 D = Time resting spent in this place.
 E = Time spent auto-exploring this place.
 F = Levels seen in this place.
 G = Mean time per level.
                   A        B        C        D        E       F      G
               +--------+--------+--------+--------+--------+-----+--------+
         Total |   3247 |   3163 |     84 |      0 |   2461 |   6 |  541.2 |
       Dungeon |   3247 |   3163 |     84 |      0 |   2461 |   6 |  541.2 |
               +--------+--------+--------+--------+--------+-----+--------+

Top non-repeatable levels by time:
     D:2: 1135 daAuts
     D:1: 997 daAuts
     D:4: 445 daAuts
     D:3: 331 daAuts
     D:6: 187 daAuts
     D:7: 149 daAuts
